 Dungeon Crawl Stone Soup version 0.30-a0-1066-g63dfefce0d (webtiles) character file.

Game seed: 13020561292390072626

749 Pimp the Trooper (level 7, -3/63 HPs)
             Began as a Hill Orc Fighter on Apr 12, 2023.
             Killed by divine providence
             ... invoked by an orc priest
              (15 damage)
             ... on level 5 of the Dungeon.
             The game lasted 00:04:40 (3703 turns).

Pimp the Trooper (Hill Orc Fighter)                 Turns: 3703, Time: 00:04:41

Health: -3/63      AC: 14    Str: 23    XL:     7   Next: 78%
Magic:  7/7        EV:  9    Int: 14    God:
Gold:   162        SH:  0    Dex: 12    Spells: 6/6 levels left

rFire   . . .      SeeInvis .    a - +0 war axe
rCold   . . .      Faith    .    c - +0 buckler
rNeg    . . .      Spirit   .    b - +0 scale mail
rPois   .          Reflect  .    u - +2 helmet
rElec   .          Rampage  .    (no cloak)
rCorr   +                        (no gloves)
Will    .....                    e - +2 pair of boots "Seith" {rCorr Str+2 Dex+2} Stlth
                                 (no amulet)
HPRegen 0.30/turn                p - ring of wizardry
MPRegen 0.10/turn                y - +6 ring of intelligence

@: confused, mighty
A: no striking features
a: Convert to Beogh


You were on level 5 of the Dungeon.
You visited 1 branch of the dungeon, and saw 5 of its levels.

You collected 162 gold pieces.

Inventory:

Hand Weapons
 a - a +0 war axe (weapon)
Missiles
 E - a throwing net
Armour
 b - a +0 scale mail (worn)
 c - a +0 buckler (worn)
 e - the +2 pair of boots "Seith" (worn) {rCorr Str+2 Dex+2}
   (You acquired it on level 3 of the Dungeon)

   Str:       It affects your strength (+2).
   Dex:       It affects your dexterity (+2).
   rCorr:     It protects you from acid and corrosion.
 u - a +2 helmet (worn)
Jewellery
 p - a ring of wizardry (left hand)
 y - a +6 ring of intelligence (right hand)
 C - a ring of see invisible
Wands
 w - a wand of mindburst (2) (quivered)
 z - a wand of polymorph (6)
Scrolls
 f - a scroll of magic mapping {unknown}
 g - a scroll of teleportation
 h - a scroll of noise {unknown}
 i - 2 scrolls of blinking {unknown}
 j - a scroll of enchant armour {unknown}
 k - 2 scrolls of silence {unknown}
 m - a scroll of brand weapon {unknown}
 r - a scroll of poison {unknown}
 x - 2 scrolls of identify {unknown}
 D - a scroll of fog {unknown}
Potions
 d - 2 potions of might
 l - 3 potions of cancellation {unknown}
 n - a potion of mutation {unknown}
 o - 3 potions of heal wounds {unknown}
 q - a potion of resistance {unknown}
 s - 2 potions of magic {unknown}
 t - a potion of ambrosia {unknown}
 v - 2 potions of brilliance {unknown}
 A - 2 potions of curing {unknown}
 B - a potion of berserk rage {unknown}


   Skills:
 + Level 6.1 Fighting
 + Level 6.1 Axes
 + Level 5.5 Armour
 + Level 5.6 Shields


You had 6 spell levels left.
You didn't know any spells.
Your spell library was empty.

Dungeon Overview and Level Annotations

Branches:
Dungeon (5/15)
 Temple: D:4-7

Altars:
Ashenzari
Qazlal
Wu Jian
Xom

Annotations:
D:3 2 transporters


Message History

The scorpion closely misses you.
The scorpion stings you but does no damage.
You closely miss the scorpion.
The scorpion is lightly wounded.
You feel sick.
The scorpion stings you but does no damage.
You barely miss the scorpion.
The scorpion is lightly wounded.
You feel sick.
The orc priest shouts, "Join the one true god or die!"
You block the scorpion's attack.
The scorpion stings you but does no damage.
The orc wizard gestures at you while chanting.
You are confused.
You barely miss the scorpion.
The scorpion is lightly wounded.
You feel sick.
The scorpion stings you but does no damage.
You're too confused to move!
You feel sick.
The scorpion stings you but does no damage.
The orc wizard mumbles some strange words.
The orc wizard flickers and vanishes!
The scorpion stings you but does no damage.
The orc priest shouts, "Beogh is our master!
Accept the truth or die!"
You miss the scorpion.
The scorpion is lightly wounded.
You hit something.
You feel sick.
The orc priest invokes the aid of Beogh against you.
Beogh smites you!
* * * LOW HITPOINT WARNING * * *
The scorpion stings you but does no damage.
Something hits you but does no damage.
You feel very mighty all of a sudden.
You feel sick.
You are no longer poisoned.
The scorpion stings you but does no damage.
Something hits you but does no damage.
The orc priest mumbles some strange prayers to Beogh against you.
Beogh smites you!
You die...

#........# #.#.......
#........## #.#.......
#......... #.#.#.....
#........## #.#>#.....
#.........# #.#.#...##
#...o.....#.#.#.#...##
#.###{#.......#.#...+.
#....s{.#. #.#...##
#....@..# #.#...##
#.......# .....#
#.......# #####.#
#.......# #
#.........# #
#.###+#.### # #. ## #
#. #.


You could see a scorpion and an orc priest.

Vanquished Creatures
  An ogre (D:4)
  2 phantoms
  3 wights (D:5)
  A howler monkey (D:5)
  A hound (D:5)
  An orc priest (D:3)
  Natasha (twice) (D:2)
  4 iguanas (D:4)
  4 adders
  A worm (D:2)
  4 dart slugs
  10 orcs
  7 endoplasms
  3 giant cockroaches
  5 goblins
  5 hobgoblins
  3 jackals (D:2)
  5 kobolds
  2 quokkas
  6 ball pythons
  2 bats
  A frilled lizard (D:1)
  3 rats
76 creatures vanquished.

Notes
Turn   | Place    | Note
-------+----------+-------------------------------------------
     0 | D:1      | Pimp the Hill Orc Fighter began the quest for the Orb.
     0 | D:1      | Reached XP level 1. HP: 19/19 MP: 1/1
   380 | D:1      | Reached XP level 2. HP: 17/27 MP: 2/2
   820 | D:2      | Noticed Natasha
   843 | D:2      | Killed Natasha
   844 | D:2      | Reached XP level 3. HP: 3/33 MP: 3/3
  1181 | D:2      | Reached XP level 4. HP: 38/40 MP: 4/4
  1690 | D:2      | Noticed Natasha
  1695 | D:2      | Killed Natasha
  1798 | D:3      | Identified a scroll of acquirement
  1798 | D:3      | Acquired the +2 pair of boots "Seith" {rCorr Str+2 Dex+2}
  1923 | D:3      | Found a broken altar of Ashenzari.
  1938 | D:3      | Reached XP level 5. HP: 34/47 MP: 5/5
  2126 | D:3      | Found a shimmering altar of Xom.
  2213 | D:3      | Found a transporter.
  2248 | D:3      | Found a stormy altar of Qazlal.
  2404 | D:3      | Found a transporter.
  2512 | D:4      | Noticed an ogre
  2516 | D:4      | Killed an ogre
  2517 | D:4      | Reached skill level 5 in Fighting
  2517 | D:4      | Reached XP level 6. HP: 56/56 MP: 6/6
  2671 | D:4      | Reached skill level 5 in Axes
  2778 | D:4      | Found an ornate altar of the Wu Jian Council.
  3108 | D:4      | Reached skill level 5 in Armour
  3108 | D:4      | Reached skill level 5 in Shields
  3108 | D:4      | Reached XP level 7. HP: 61/61 MP: 7/7
  3335 | D:5      | Entered Level 5 of the Dungeon
  3703 | D:5      | Killed from afar by an orc priest

Illustrated notes

Levels and vault maps discovered:
D:1:      lightli_arrival_lavapool, layout_basic
D:2:      layout_loops_ring, uniq_natasha
D:3:      gammafunk_steamed_eel, layout_loops_cross,
          ashenzari_conservatory_becter, mainiacjoe_overflow_brackets,
          xom_teletrap_fun, serial_bayou_crossing
D:4:      layout_basic, nicolae_wu_jian_wuxing_cycle
D:5:      layout_basic, uniq_prince_ribbit1

Skill      XL: |  1  2  3  4  5  6  7 |
---------------+----------------------+-----
Axes           | 3 4 5 6 |  6.1
Fighting       | 4 5 6 |  6.1
Armour         | 4 5 |  5.5
Shields        | 4 5 |  5.6

Action                     |  1- 3 |  4- 6 |  7- 9 || total
---------------------------+-------+-------+-------++-------
  Melee: War axe           |    85 |   130 |    69 ||   284
  Evoke: Wand              |       |     6 |       ||     6
    Use: Scroll            |       |     2 |       ||     2
         Potion            |       |       |     1 ||     1
 Armour: Scale mail        |    39 |    48 |    48 ||   135
  Dodge: Dodged            |    51 |    63 |    28 ||   142
  Block: Buckler           |    19 |    27 |    13 ||    59

Table legend: (Time is in decaauts)
 A = Elapsed time spent in this place.
 B = Non-inter-level travel time spent in this place.
 C = Inter-level travel time spent in this place.
 D = Time resting spent in this place.
 E = Time spent auto-exploring this place.
 F = Levels seen in this place.
 G = Mean time per level.
                   A        B        C        D        E       F      G
               +--------+--------+--------+--------+--------+-----+--------+
         Total |   3797 |   3695 |    102 |    262 |   2658 |   5 |  759.4 |
       Dungeon |   3797 |   3695 |    102 |    262 |   2658 |   5 |  759.4 |
               +--------+--------+--------+--------+--------+-----+--------+

Top non-repeatable levels by time:
     D:2: 1013 daAuts
     D:4: 875 daAuts
     D:1: 805 daAuts
     D:3: 719 daAuts
     D:5: 384 daAuts
